 Dungeon Crawl Stone Soup version 0.30.1-9-gdf580d7c3d (webtiles) character file.

Game seed: 10188498367759564095

284 7w4c the Covert (level 6, -13/46 HPs)
             Began as a Vampire Brigand on Oct 23, 2023.
             Mangled by a sleepcap (19 damage)
             ... on level 4 of the Dungeon.
             The game lasted 00:09:31 (2613 turns).

7w4c the Covert (Vampire Brigand)                   Turns: 2613, Time: 00:09:32

Health: -13/46     AC:  3    Str: 10    XL:     6   Next: 7%
Magic:  6/6        EV:  2    Int: 14    God:
Gold:   238        SH:  0    Dex: 17    Spells: 5/5 levels left

rFire   . . .        a - +2 dagger
rCold   . . .        (no shield)
rNeg    . . .        b - +0 robe
rPois   .            (no helmet)
rElec   .            c - +0 cloak
rCorr   .            (no gloves)
SInv    +            (no boots)
Will    .....        g - amulet of regeneration
Stlth   ++++         (no ring)
HPRegen 1.27/turn    (no ring)
MPRegen 0.10/turn

%: no passive effects
@: sleeping, healing quickly
A: alive, fangs 3, see invisible, vampiric 2
a: Exsanguinate


You were on level 4 of the Dungeon.
You visited 1 branch of the dungeon, and saw 4 of its levels.

You collected 238 gold pieces.

Inventory:

Hand Weapons
 a - a +2 dagger (weapon)
Missiles
 d - 8 poisoned darts (quivered)
 e - 3 curare-tipped darts
Armour
 b - a +0 robe (worn)
 c - a +0 cloak (worn)
Jewellery
 g - an amulet of regeneration (around neck)
 m - a ring of positive energy
Scrolls
 f - a scroll of torment
 i - a scroll of silence
 p - a scroll of immolation
Potions
 j - 4 potions of curing
 k - 2 potions of might {unknown}
 n - 2 potions of ambrosia {unknown}


   Skills:
 + Level 2.5 Fighting
 + Level 3.7 Short Blades
 + Level 1.7 Throwing
 + Level 2.5 Dodging
 + Level 9.0 Stealth


You had 5 spell levels left.
You didn't know any spells.
Your spell library contained the following spells:

 Spells                   Type           Power      Damage    Failure   Level
 Static Discharge         Conj/Air       0%         2-2/arc   41%         2
 Ozocubu's Armour         Ice            0%         N/A       65%         3
 Airstrike                Air            0%         2d(0-16)  96%         4
 Summon Lightning Spire   Summ/Air       0%         N/A       96%         4
 Metabolic Englaciation   Hex/Ice        0%         N/A       100%        5
 Simulacrum               Ice/Necr       0%         N/A       100%        6


Dungeon Overview and Level Annotations

Branches:
Dungeon (4/15)
 Temple: D:4-7

Altars:
Kikubaaqudgha
Nemelex Xobeh


Innate Abilities, Weirdness & Mutations

Your natural rate of healing is accelerated.
You have razor-sharp teeth.
You have supernaturally acute eyesight. (SInv)
You are afflicted with vampirism and can become a bat while bloodless.


Message History

The sleepcap releases spores at you!
You are engulfed in a cloud of soporific spores!
You fall asleep.
The sleepcap releases spores at you but does no damage.
The sleepcap releases spores at you!
You wake up.
* * * LOW HITPOINT WARNING * * *
You hit the sleepcap but do no damage.
The sleepcap is lightly damaged.
The sleepcap releases spores at you!
* * * LOW HITPOINT WARNING * * *
You hit the sleepcap but do no damage.
The sleepcap is lightly damaged.
You feel better. The sleepcap barely misses you.
You hit the sleepcap.
The sleepcap is lightly damaged.
The sleepcap closely misses you.
You hit the sleepcap but do no damage.
The sleepcap is lightly damaged.
The sleepcap releases spores at you.
* * * LOW HITPOINT WARNING * * *
You hit the sleepcap but do no damage. You bite the sleepcap.
The sleepcap is moderately damaged.
The sleepcap barely misses you.
You hit the sleepcap. You bite the sleepcap.
The sleepcap is heavily damaged.
The sleepcap closely misses you.
You completely miss the sleepcap.
The sleepcap is heavily damaged.
The sleepcap releases spores at you!
* * * LOW HITPOINT WARNING * * *
You hit the sleepcap but do no damage.
The sleepcap is heavily damaged.
You hit the sleepcap.
The sleepcap is heavily damaged.
The sleepcap releases spores at you.
* * * LOW HITPOINT WARNING * * *
You are engulfed in a cloud of soporific spores!
You fall asleep.
The sleepcap releases spores at you!!
You die...

#####..#######.....<#..~~≈≈
#..##.......#.....#.#....≈≈
#.................##...~~≈≈
##......#...........##.~.≈≈≈
#......###.##..##.......P≈≈≈
##......#.....###......P~≈≈~
#.........!.#......##...~≈~~
#...........f)......##...~~))
#...#........@#...........~~~[
#...#........###...........~≈)
#..........................~~≈~
##...#(#.....#..............≈≈~
#...###.............)......~≈~
.. ...................~.≈≈~
...................~~≈≈~
.###...............~≈≈≈.
##...........P≈≈~


You could see a sleepcap.

Vanquished Creatures
  A scorpion (D:3)
  An orc priest (D:3)
  Jessica (D:2)
  An orc wizard (D:3)
  4 adders
  A gnoll (D:4)
  A white imp (D:4)
  A worm (D:2)
  3 dart slugs (D:1)
  4 orcs (D:3)
  4 endoplasms
  4 giant cockroaches
  6 goblins
  9 hobgoblins
  9 jackals
  12 kobolds
  3 quokkas
  8 ball pythons
  4 bats
  2 frilled lizards
  5 rats
84 creatures vanquished.

Notes
Turn   | Place    | Note
-------+----------+-------------------------------------------
     0 | D:1      | 7w4c the Vampire Brigand began the quest for the Orb.
     0 | D:1      | Reached XP level 1. HP: 16/16 MP: 1/1
    27 | D:1      | Reached skill level 6 in Stealth
   192 | D:1      | Reached XP level 2. HP: 21/22 MP: 2/2
   600 | D:2      | Noticed Jessica
   608 | D:2      | Killed Jessica
   609 | D:2      | Reached skill level 7 in Stealth
   609 | D:2      | Gained mutation: You are afflicted with vampirism and can
                  | become a bat while bloodless. [Vampire growth]
   609 | D:2      | Reached XP level 3. HP: 17/27 MP: 3/3
   713 | D:2      | Reached XP level 4. HP: 32/33 MP: 4/4
  1629 | D:3      | Reached skill level 8 in Stealth
  1642 | D:3      | Reached XP level 5. HP: 35/38 MP: 5/5
  1789 | D:3      | Found an ancient bone altar of Kikubaaqudgha.
  1790 | D:3      | Found a sparkling altar of Nemelex Xobeh.
  2551 | D:4      | Reached skill level 9 in Stealth
  2551 | D:4      | Reached XP level 6. HP: 19/46 MP: 6/6
  2613 | D:4      | Mangled by a sleepcap

Illustrated notes

Levels and vault maps discovered:
D:1:      dpeg_arrival_arbitrary_b, layout_rooms, interstate_on_off,
          grunt_decor_one_mirror, minmay_misc_feat_four_crosses
D:2:      layout_basic, uniq_jessica
D:3:      layout_loops_ring, minitemple
D:4:      layout_cave_pools, chequers_big_river, moated_statue

Skill      XL: |  1  2  3  4  5 |
---------------+----------------+-----
Stealth        | 6 7 8 9 |  9.0
Fighting       | 2 |  2.5
Short Blades   | 3 |  3.7
Dodging        | 2 |  2.5
Throwing       | |  1.7

Action                     |  1- 3 |  4- 6 || total
---------------------------+-------+-------++-------
  Melee: Dagger            |    90 |   231 ||   321
         Bite              |     7 |    21 ||    28
         Punch             |       |     4 ||     4
  Throw: Dart              |       |     1 ||     1
    Use: Potion            |     1 |     5 ||     6
         Scroll            |       |    11 ||    11
   Stab: Sleeping          |     2 |    17 ||    19
 Armour: Robe              |    20 |    51 ||    71
  Dodge: Dodged            |    72 |   183 ||   255
